 Dungeon Crawl Stone Soup version 0.23-a0-359-g9beedce (webtiles) character file.

8890 Garbasso the Destroyer (level 11, 0/97 HPs)
             Began as a Purple Draconian Venom Mage on Oct 23, 2018.
             Was an Elder of Vehumet.
             Slain by a six-headed hydra (3 damage)
             ... on level 2 of the Lair of Beasts.
             The game lasted 01:06:58 (15982 turns).

Garbasso the Destroyer (DrVM)                      Turns: 15982, Time: 01:06:58

Health: 0/97       AC:  8    Str: 11    XL:     11   Next: 15%
Magic:  16/19      EV: 12    Int: 19    God:    Vehumet [****..]
Gold:   659        SH: 11    Dex: 13    Spells: 2/20 levels left

rFire    . . .     SeeInvis .   j - +0 scimitar (flame)
rCold    . . .     Gourm    .   c - +0 shield
rNeg     . . .     Faith    .   (armour unavailable)
rPois    +         Spirit   .   (helmet restricted)
rElec    .         Reflect  +   (no cloak)
rCorr    .         Harm     .   (no gloves)
MR       +....                  u - +0 pair of boots
Stlth    ++........             s - +2 amulet of reflection
HPRegen  0.26/turn              p - ring of poison resistance
MPRegen  0.16/turn              l - +2 ring of dexterity

@: no status effects
A: breathe power, unfitting armour, cold-blooded, AC +7
a: Breathe Dispelling Energy, Renounce Religion


You were on level 2 of the Lair of Beasts.
You worshipped Vehumet.
Vehumet was greatly pleased with you.
You were not hungry.

You visited 3 branches of the dungeon, and saw 12 of its levels.
You also visited: Sewer.

You collected 659 gold pieces.

Inventory:

Hand Weapons
 j - a +0 scimitar of flaming (weapon)
 n - a +2 spear of freezing
Missiles
 F - 4 throwing nets (quivered) {=f}
Armour
 c - a +0 shield (worn)
 u - a +0 pair of boots (worn)
Jewellery
 l - a +2 ring of dexterity (right hand)
 p - a ring of poison resistance (left hand)
 s - a +2 amulet of reflection (around neck)
 w - an uncursed ring of fire
Wands
 d - a wand of polymorph (14)
 v - a wand of paralysis (17)
 y - a wand of digging (20)
 E - a wand of acid (10)
 G - a wand of flame (21)
 K - a wand of random effects (31)
Scrolls
 a - a scroll of torment
 f - a scroll of fog
 h - 2 scrolls of immolation
 i - 6 scrolls of enchant weapon
 k - 4 scrolls of teleportation
 q - a scroll of enchant armour
 x - 6 scrolls of identify
 A - 2 scrolls of fear
 D - 4 scrolls of magic mapping
 H - a scroll of remove curse
 I - a scroll of blinking
Potions
 e - 3 potions of haste
 g - 5 potions of brilliance
 m - 2 potions of might
 o - 2 potions of ambrosia
 r - 3 potions of lignification
 t - 2 potions of heal wounds
 z - 3 potions of curing
 B - 2 potions of flight
 C - 2 potions of agility
Comestibles
 b - 13 rations
 J - 2 chunks of flesh


   Skills:
 + Level 9.5 Fighting
 - Level 4.6 Dodging
 - Level 1.7 Stealth
 + Level 4.6 Shields
 + Level 5.3 Spellcasting
 + Level 10.2 Conjurations
 - Level 2.1 Air Magic
 - Level 8.0 Poison Magic


You had 2 spell levels left.
You knew the following spells:

 Your Spells              Type           Power        Failure   Level  Hunger
a - Flame Tongue          Conj/Fire      ###..        1%          1    None
b - Poisonous Vapours     Pois/Air       ###...       9%          2    None
c - Mephitic Cloud        Conj/Pois/Air  ####....     2%          3    ##.....
d - Olgreb's Toxic Radia  Pois           #####...     4%          4    ####...
e - Venom Bolt            Conj/Pois      #####.....   9%          5    #####..
f - Conjure Flame         Conj/Fire      ###.....     4%          3    ##.....

Your spell library contained the following spells:

 Spells                   Type           Power        Failure   Level  Hunger
 Iskenderun's Mystic Bla  Conj           #####...     1%          4    ####...
 Sting                    Conj/Pois      ####         1%          1    None
 Throw Flame              Conj/Fire      ###...       2%          2    None
 Throw Frost              Conj/Ice       ###...       2%          2    None
 Freeze                   Ice            #...         12%         1    None
 Sandblast                Erth           #.....       12%         1    None
 Corona                   Hex            #......      41%         1    None
 Ensorcelled Hibernation  Hex/Ice        #.....       56%         2    None
 Passwall                 Tmut/Erth      #.......     56%         2    None
 Dazzling Spray           Conj/Hex       ###...       4%          3    ##.....
 Stone Arrow              Conj/Erth      ###...       4%          3    ##.....
 Sticky Flame             Conj/Fire      ###.....     16%         4    ####...
 Throw Icicle             Conj/Ice       ###.....     16%         4    ####...
 Inner Flame              Hex/Fire       #.......     32%         3    ##.....
 Fireball                 Conj/Fire      ###.......   36%         5    #####..
 Confuse                  Hex            #.......     80%         3    ##.....
 Ozocubu's Armour         Chrm/Ice       #.......     80%         3    ##.....
 Tukima's Dance           Hex            #.......     80%         3    ##.....
 Lee's Rapid Deconstruct  Erth           #.........   95%         5    #####..
 Petrify                  Tmut/Erth      #.......     99%         4    ####...
 Summon Ice Beast         Ice/Summ       #.......     99%         4    ####...


Dungeon Overview and Level Annotations

Branches:
Dungeon (9/15)             Temple (1/1) D:4            Lair (2/6) D:9
  Swamp: Lair:2-4    Shoals: Lair:2-4     Snake: Lair:2-4    Spider: Lair:2-4
    Orc: D:9-12

Altars:
Ashenzari
Cheibriados
Dithmenos
Elyvilon
Gozag
Hepliaklqana
Kikubaaqudgha
Makhleb
Nemelex Xobeh
Okawaru
Qazlal
Ru
Sif Muna
Trog
Uskayaw
Vehumet
Wu Jian
Xom
Yredelemnul
Zin
The Shining One

Annotations:
D:5 1 runed door, galech's ghost, novice DsFi
Lair:1 exclusion: oklob plant


Innate Abilities, Weirdness & Mutations

You can breathe bolts of dispelling energy.
Your rich purple scales are hard. (AC +7)
You cannot fit into any form of body armour.
You are cold-blooded and may be slowed by cold attacks.


Message History

Casting: Flame Tongue (safe; 1% risk of failure)
Confirm with . or Enter, or press ? or * to list all spells.
Aiming: Poisonous Vapours (safe; 9% risk of failure)
Press: ? - help, Dir - move target cursor, f/p - six-headed hydra
Aim: a six-headed hydra (heavily wounded)
Okay, then.
Casting: Poisonous Vapours (safe; 9% risk of failure)
Confirm with . or Enter, or press ? or * to list all spells.
You can't see any susceptible monsters within range! (Use Z to cast anyway.)
Casting: Poisonous Vapours (safe; 9% risk of failure)
Confirm with . or Enter, or press ? or * to list all spells.
Aiming: Flame Tongue (safe; 1% risk of failure)
Press: ? - help, Shift-Dir - straight line, f/p - six-headed hydra
Aim: a six-headed hydra (heavily wounded)
The flame tongue hits the six-headed hydra.
The six-headed hydra is severely wounded.
The six-headed hydra bites you!
* * * LOW HITPOINT WARNING * * *
The six-headed hydra barely misses you. The six-headed hydra bites you.
You die...

##....### .#..<...### ..#.......#
#### ### ## ..[......##
#####..###P###.##
.......#.####....#......##..##
.............................#
..##....<..(.....#...........####
###..............................
#..............@D...............
##....##P###..................#
#.#.### ###.#.)...............#
###.# #..........P..t.#..# #.#
#...............# ..P #.#
####.#.#.#........... #.#
#...#.............. ###รท##
#.>.#............./ #....#
#...#[...##.#......


You could see a six-headed hydra.

Vanquished Creatures
  Harold (D:7)
  Erica (D:8)
  A two-headed ogre (D:7)
  2 hippogriffs (Lair:1)
  4 hogs (D:8)
  A human (D:8)
  A hungry ghost (D:8)
  Menkaure (D:7)
  2 wargs (D:9)
  2 water moccasins (D:7)
  4 porcupines
  An orc warrior (D:9)
  3 sky beasts
  A black bear (D:7)
  2 phantoms (D:8)
  6 wolves (Lair:1)
  2 centaurs
  4 ogres
  A crocodile (Lair:2)
  6 big kobolds
  A gnoll sergeant (D:9)
  8 bullfrogs
  4 scorpions
  7 killer bees
  5 wights
  A howler monkey (D:5)
  2 centaur zombies (D:5)
  2 crimson imps
  6 orc priests
  3 bullfrog zombies
  10 orc wizards
  A hound (D:9)
  A jelly (D:9)
  2 centaur skeletons (D:4)
  3 iguanas
  Ijyb (D:4)
  10 worker ants
  2 hound zombies (D:5)
  A hound skeleton (D:5)
  3 worker ant zombies (D:5)
  8 gnolls
  A howler monkey skeleton (D:7)
  8 adders
  A shadow imp (D:6)
  4 oozes
  4 adder zombies
  An adder skeleton (D:5)
  3 worms
  2 dart slugs (D:1)
  2 leopard geckos
  16 orcs
  6 giant cockroaches
  8 goblins
  3 hobgoblins
  8 jackals
  32 kobolds
  2 quokkas
  2 ball pythons
  8 bats
  9 frilled lizards
  A jackal zombie (D:5)
  A leopard gecko zombie (D:5)
  2 quokka zombies
  10 rats
261 creatures vanquished.

Vanquished Creatures (collateral kills)
  A bullfrog skeleton (D:5)
  An iguana (D:5)
  An adder zombie (D:5)
3 creatures vanquished.

Vanquished Creatures (others)
  A fungus (Lair:1)
1 creature vanquished.

Grand Total: 265 creatures vanquished

Notes
Turn   | Place    | Note
-------+----------+-------------------------------------------
     0 | D:1      | Garbasso the Draconian Venom Mage began the quest for the
                  | Orb.
     0 | D:1      | Reached XP level 1. HP: 14/14 MP: 3/3
   497 | D:1      | Reached XP level 2. HP: 22/22 MP: 3/5
   501 | D:1      | Learned a level 2 spell: Poisonous Vapours
   809 | D:1      | Reached skill level 1 in Fighting
  1309 | D:1      | Reached XP level 3. HP: 28/28 MP: 2/6
  1314 | D:1      | Learned a level 3 spell: Mephitic Cloud
  1663 | D:2      | Reached skill level 1 in Air Magic
  2616 | D:3      | Reached XP level 4. HP: 36/36 MP: 2/7
  4144 | D:4      | Found a staircase to the Ecumenical Temple.
  4153 | Temple   | Entered the Ecumenical Temple
  4325 | Temple   | Became a worshipper of Vehumet
  4441 | D:4      | Noticed a bullfrog
  4443 | D:4      | Noticed an ogre
  4450 | D:4      | Killed a bullfrog
  4450 | D:4      | Reached XP level 5. HP: 42/42 MP: 0/8
  4472 | D:4      | Reached skill level 5 in Poison Magic
  4549 | D:4      | Killed an ogre
  4549 | D:4      | Reached XP level 6. HP: 39/51 MP: 1/9
  4691 | D:4      | Noticed Ijyb
  5185 | D:4      | Found a hide-covered altar of Uskayaw.
  5585 | D:4      | Found a burning altar of Makhleb.
  5770 | D:4      | Learned a level 4 spell: Olgreb's Toxic Radiance
  5840 | D:4      | Killed Ijyb
  6062 | D:4      | Your scales start taking on a rich purple colour.
  6062 | D:4      | Reached XP level 7. HP: 58/58 MP: 7/12
  6222 | D:5      | Entered Level 5 of the Dungeon
  6254 | D:5      | Found an opulent altar of Gozag.
  6559 | D:5      | Reached skill level 2 in Conjurations
  6712 | D:5      | Reached * piety under Vehumet
  6712 | D:5      | Offered knowledge of Shock by Vehumet.
  6724 | D:5      | Found a glowing drain.
  6728 | Sewer    | Entered a sewer
  7213 | Sewer    | Reached XP level 8. HP: 48/67 MP: 5/14
  7432 | D:5      | Learned a level 5 spell: Venom Bolt
  7487 | D:5      | Offered knowledge of Flame Tongue by Vehumet.
  7489 | D:5      | Reached ** piety under Vehumet
  7526 | D:5      | Reached skill level 3 in Conjurations
  7581 | D:5      | Reached skill level 5 in Fighting
  8535 | D:5      | Learned a level 1 spell: Flame Tongue
  8856 | D:5      | Found a runed door.
  8858 | D:5      | Noticed galech's ghost (novice DsFi)
  9087 | D:6      | Reached skill level 4 in Conjurations
  9429 | D:6      | Found a shimmering altar of Xom.
  9484 | D:6      | Found a sparkling altar of Nemelex Xobeh.
  9754 | D:6      | Found a shattered altar of Ashenzari.
  9756 | D:6      | Found a burning altar of Makhleb.
  9763 | D:6      | Found a snail-covered altar of Cheibriados.
  9882 | D:6      | Reached XP level 9. HP: 68/75 MP: 10/16
  9889 | D:6      | Found a glowing golden altar of the Shining One.
  9976 | D:7      | Reached skill level 5 in Conjurations
 10725 | D:7      | Found a deep blue altar of Sif Muna.
 10750 | D:7      | Noticed a two-headed ogre
 10757 | D:7      | Noticed Menkaure
 10786 | D:7      | Killed a two-headed ogre
 10786 | D:7      | Reached skill level 6 in Conjurations
 10900 | D:7      | Killed Menkaure
 10990 | D:7      | Reached skill level 7 in Conjurations
 11220 | D:7      | Noticed Harold
 11239 | D:7      | Killed Harold
 11239 | D:7      | Reached XP level 10. HP: 66/88 MP: 4/17
 11796 | D:7      | Reached skill level 8 in Conjurations
 12016 | D:8      | Reached skill level 1 in Shields
 12116 | D:8      | Offered knowledge of Throw Flame by Vehumet.
 12161 | D:8      | Noticed Erica
 12581 | D:8      | Killed Erica
 12581 | D:8      | Reached skill level 9 in Conjurations
 12682 | D:8      | Reached *** piety under Vehumet
 12701 | D:8      | Learned a level 3 spell: Conjure Flame
 13349 | D:9      | Found a staircase to the Lair.
 13350 | D:9      | Offered knowledge of Iskenderun's Mystic Blast by Vehumet.
 13365 | D:9      | HP: 1/91 [warg (16)]
 14084 | D:9      | Reached skill level 10 in Conjurations
 14365 | D:9      | Found a white marble altar of Elyvilon.
 14612 | Lair:1   | Entered Level 1 of the Lair of Beasts
 14612 | Lair:1   | Noticed an oklob plant
 14749 | Lair:1   | Reached XP level 11. HP: 97/97 MP: 14/18
 14856 | Lair:1   | Reached skill level 5 in Spellcasting
 15002 | Lair:1   | Reached **** piety under Vehumet
 15962 | Lair:2   | Noticed a seven-headed hydra
 15982 | Lair:2   | HP: 3/97 [six-headed hydra (8)]
 15982 | Lair:2   | Slain by a six-headed hydra

Vault maps used:
D:1:      dpeg_arrival_signposts, wad_floor_pattern_1
D:2:      first_ration
D:3:      mumra_celtic_spiral_tile
D:4:      old_standard_altar, minmay_temple_entry_glass,
          hangedman_decor_peaks_small, lemuel_altar_in_water, uniq_ijyb
D:5:      grunt_gozag_breadcrumbs, ebering_ghost_inner_flame, serial_undead,
          serial_undead_f, serial_undead_a, serial_undead_e, serial_undead_f,
          serial_undead_a, serial_undead_c, serial_undead_d, serial_undead_e,
          gup_sewer_entry_bowl
D:6:      lemuel_ice_spiral_2, lemuel_coloured_pillars_altar, minitemple,
          marbit_many_paths, basic_altar, corexii_hall_statues_l
D:7:      led_sif_pool, uniq_harold, uniq_menkaure
D:8:      grunt_livestock, uniq_erica
D:9:      nicolae_overflow_crystal_walls, erik_lair_orcish_takeover
Temple:   nicolae_temple_figure_eight
Lair:1:   dpeg_stationary_puzzle
Lair:2:   grunt_megastairs_4, lemuel_fruit_fields
Sewer:    kennysheep_pipe_town

Skill      XL: |  1  2  3  4  5  6  7  8  9 10 11 |
---------------+----------------------------------+-----
Fighting       | 1 2 3 4 6 7 9 |  9.5
Air Magic      | 1 2 |  2.1
Poison Magic   | 4 5 6 7 8 |  8.0
Spellcasting   | 3 4 5 |  5.3
Conjurations   | 2 4 7 10 | 10.2
Dodging        | 2 4 |  4.6
Shields        | 4 |  4.6
Stealth        | |  1.7

Action                   |  1- 3 |  4- 6 |  7- 9 | 10-12 || total
-------------------------+-------+-------+-------+-------++-------
Melee: Unarmed           |    58 |       |       |       ||    58
       Tailslap          |     4 |     5 |    53 |    15 ||    77
       Short sword       |    24 |       |       |       ||    24
       Spear             |     3 |    89 |   334 |    60 ||   486
       Dagger            |       |       |    33 |       ||    33
       Scimitar          |       |       |       |    63 ||    63
Throw: Stone             |       |    10 |       |       ||    10
       Javelin           |       |       |     2 |       ||     2
 Cast: Sting             |    13 |     6 |     4 |       ||    23
       Poisonous Vapours |    27 |    55 |   103 |    46 ||   231
       Mephitic Cloud    |       |     1 |     8 |    13 ||    22
       Flame Tongue      |       |       |    61 |    40 ||   101
       Olgreb's Toxic Ra |       |       |     3 |    18 ||    21
       Venom Bolt        |       |       |     1 |     3 ||     4
       Conjure Flame     |       |       |       |     1 ||     1
  Use: Scroll            |       |    10 |     9 |     6 ||    25
       Potion            |       |       |       |     6 ||     6
 Stab: Confused          |       |       |     4 |     2 ||     6
       Sleeping          |       |       |     3 |       ||     3
  Eat: Chunk             |     6 |     6 |    10 |    19 ||    41
       Ration            |       |     3 |     3 |     2 ||     8
Armor: Skin              |    43 |    22 |   115 |    66 ||   246
Dodge: Dodged            |    73 |    58 |   271 |   121 ||   523
Block: Other             |       |       |    22 |    11 ||    33
       Shield            |       |       |       |    50 ||    50
       Reflection        |       |       |       |     1 ||     1
       Rpst.: Scimitar   |       |       |       |    14 ||    14

Table legend:
 A = Non-vault XP
 B = Vault XP
 C = Vault XP percentage of total XP
 D = Non-vault monster count
 E = Vault monster count
 F = Vault count percentage of total count
                 A         B        C        D         E       F
            +---------+---------+-------+---------+---------+-------
      Total |    8357 |    4344 |  34.2 |     202 |      62 |  23.5
            +---------+---------+-------+---------+---------+-------
        D:1 |      48 |       0 |   0.0 |      27 |       0 |   0.0
        D:2 |      34 |       0 |   0.0 |      14 |       0 |   0.0
        D:3 |      86 |       0 |   0.0 |      17 |       0 |   0.0
        D:4 |     596 |      35 |   5.5 |      18 |       1 |   5.3
        D:5 |     665 |     338 |  33.7 |      22 |      21 |  48.8
        D:6 |     536 |     127 |  19.2 |      11 |       1 |   8.3
        D:7 |    2151 |    1085 |  33.5 |      28 |       2 |   6.7
        D:8 |    1107 |    1776 |  61.6 |      27 |       6 |  18.2
        D:9 |    1178 |     552 |  31.9 |      24 |       7 |  22.6
     Lair:1 |    1709 |       0 |   0.0 |      12 |       0 |   0.0
     Lair:2 |     247 |       0 |   0.0 |       2 |       0 |   0.0
      Sewer |       0 |     431 | 100.0 |       0 |      24 | 100.0
            +---------+---------+-------+---------+---------+-------
